 Dungeon Crawl Stone Soup version 0.25.0-9-g26727b657a (webtiles) character file.

Game seed: 16192220343612624405

31845 tilp the Frost Mage (level 13, -5/80 HPs)
             Began as a Tengu Ice Elementalist on June 16, 2020.
             Was a Priest of Ashenzari.
             Slain by a harpy (8 damage)
             ... on level 5 of the Lair of Beasts.
             The game lasted 01:07:03 (27315 turns).

tilp the Frost Mage (Tengu Ice Elementalist)       Turns: 27315, Time: 01:07:04

Health: -5/80      AC:  8    Str:  9    XL:     13   Next: 60%
Magic:  19/26      EV: 21    Int: 19    God:    Ashenzari [***...]
Gold:   1124       SH:  0    Dex: 16    Spells: 11/28 levels left

rFire    . . .     SeeInvis +   W - +10 trident "Diplor" {vorpal, MR+} (curse)
rCold    . . .     Gourm    .   (no shield)
rNeg     + + .     Faith    .   S - +2 leather armour {rN+}
rPois    .         Spirit   .   (helmet restricted)
rElec    .         Reflect  .   (no cloak)
rCorr    .         Harm     .   o - +2 pair of gloves
MR       +....                  (boots unavailable)
Stlth    +++.......             (no amulet)
HPRegen  0.23/turn              C - ring of positive energy
MPRegen  0.20/turn              (no ring)

@: frozen ramparts, flying quickly and evasively, quick
A: beak, talons 3, able to fly
a: Stop Flying, Curse Item, Scrying, Renounce Religion


You were on level 5 of the Lair of Beasts.
You worshipped Ashenzari.
Ashenzari was most pleased with you.
You were not hungry.

You visited 2 branches of the dungeon, and saw 17 of its levels.

You collected 1124 gold pieces.

Inventory:

Hand Weapons
 b - a +2 flail of holy wrath
 W - the cursed +10 trident "Diplor" (weapon) {vorpal, MR+}
   (You found it on level 5 of the Lair of Beasts)

   It inflicts extra damage upon your enemies.
   It affects your resistance to hostile enchantments.
   It has a curse placed upon it.
Missiles
 j - 3 curare-tipped darts
 k - 14 javelins (quivered)
 p - 115 poisoned darts
 v - 2 boomerangs
 F - a throwing net
Armour
 o - a +2 pair of gloves (worn)
 x - a +0 robe
 O - a +0 troll leather armour
 S - a +2 leather armour of positive energy (worn)
Jewellery
 y - the ring "Itostrad" {+Inv Int-4 SInv Stlth-}
   (You took it off an orc on level 6 of the Dungeon)

   [ring of attention]

   It affects your intelligence (-4).
   It lets you see invisible.
   It lets you turn invisible.
   It makes you less stealthy.
 C - a ring of positive energy (left hand)
 L - an uncursed ring of positive energy
Wands
 n - a wand of acid (11)
 s - a wand of clouds (5)
 B - a wand of polymorph (10)
 K - a wand of flame (35)
 R - a wand of disintegration (5)
 T - a wand of iceblast (8)
Scrolls
 e - a scroll of magic mapping
 f - 3 scrolls of enchant armour
 g - 2 scrolls of immolation
 h - 7 scrolls of remove curse
 i - 3 scrolls of amnesia
 l - 9 scrolls of teleportation
 m - a scroll of fog
 q - 2 scrolls of fear
 w - a scroll of silence
 M - a scroll of enchant weapon
 Q - a scroll of summoning
 V - 3 scrolls of vulnerability
Potions
 d - 2 potions of haste
 r - 2 potions of mutation
 t - a potion of stabbing
 u - a potion of heal wounds
 z - 4 potions of curing
 A - 4 potions of lignification
 D - a potion of invisibility
 E - 6 potions of brilliance
 H - 3 potions of berserk rage
 J - a potion of might
 N - a potion of resistance
Miscellaneous
 P - a tin of tremorstones (2/3)
Comestibles
 a - 5 chunks of flesh
 c - 31 rations


   Skills:
 + Level 9.1 Fighting
 + Level 9.3 Dodging
 - Level 6.0 Stealth
 - Level 8.0 Spellcasting
 - Level 4.0 Conjurations
 - Level 4.0 Summonings
 - Level 13.1 Ice Magic
 - Level 8.0 Evocations


You had 11 spell levels left.
You knew the following spells:

 Your Spells              Type           Power        Failure   Level  Hunger
a - Freeze                Ice            ####         1%          1    None
b - Frozen Ramparts       Ice            ######       1%          3    None
c - Ozocubu's Armour      Chrm/Ice       ####....     2%          3    None
d - Summon Ice Beast      Ice/Summ       #####...     3%          4    ###....
e - Hailstorm             Conj/Ice       #####...     3%          4    ###....
f - Ensorcelled Hibernat  Hex/Ice        ####..       1%          2    None

Your spell library contained the following spells:

 Spells                   Type           Power        Failure   Level  Hunger
 Summon Small Mammal      Summ           ###.         2%          1    None
 Call Imp                 Summ           ###.....     3%          2    None
 Call Canine Familiar     Summ           ###.....     8%          3    None
 Corona                   Hex            #......      13%         1    None
 Sting                    Tmut/Pois      #...         13%         1    None
 Conjure Flame            Conj/Fire      ###.....     17%         3    None
 Dazzling Flash           Conj/Hex       ###...       17%         3    None
 Summon Guardian Golem    Hex/Summ       ###.....     17%         3    None
 Poisonous Vapours        Pois/Air       #.....       19%         2    None
 Mephitic Cloud           Conj/Pois/Air  ##......     22%         3    None
 Confusing Touch          Hex            #.......     36%         3    None
 Ignite Poison            Fire/Tmut/Pois #.......     36%         3    None
 Tukima's Dance           Hex            #.......     36%         3    None
 Summon Lightning Spire   Summ/Air       ###.....     50%         4    ###....
 Olgreb's Toxic Radiance  Pois           #.......     77%         4    ###....
 Fireball                 Conj/Fire      ###.......   83%         5    #####..
 Freezing Cloud           Conj/Ice/Air   ####......   88%         6    ######.
 Starburst                Conj/Fire      ###.......   100%        6    ######.
 Ring of Flames           Chrm/Fire      #.........   100%        7    #######
 Ignition                 Fire           #.........   100%        8    #######


Dungeon Overview and Level Annotations

Branches:
Dungeon (11/15)            Temple (0/1) D:7            Lair (6/6) D:8
  Snake (0/4) Lair:2        Slime (0/5) Lair:5          Orc (0/2) D:11
  Swamp: Lair:2-4    Shoals: Lair:2-4

Altars:
Ashenzari
Elyvilon
Makhleb
Nemelex Xobeh
Okawaru
Wu Jian
Yredelemnul
Zin
Beogh
Jiyva

Shops:
D:10 }

Annotations:
D:1 dig vault
D:6 2 transporters, LaGuigne83's ghost, novice HaWr
D:8 Maggie
D:9 2 transporters, Harold
D:11 exclusions: death knight and phantasmal warrior
Lair:1 3 runed translucent doors, HungrySpirit's ghost, journeyman GnAs
Lair:2 exclusions: bog body and 2 more exclusions
Lair:3 exclusion: 2 killer bees, Gastronok
Lair:4 Rupert


Innate Abilities, Weirdness & Mutations

You have a beak for a mouth.
You have claws for feet.
You can fly continuously.


Message History

The harpy closely misses you.
The wall freezes the four-headed hydra.
The four-headed hydra bites you!
The four-headed hydra closely misses you.
The four-headed hydra barely misses you.
The four-headed hydra bites you!
Unknown command.
Casting: Frozen Ramparts (safe; 1% risk of failure)
Confirm with . or Enter, or press ? or * to list all spells.
A chill wind blows around you.
The wall freezes the harpy.
The harpy claws you!
* * * LOW HITPOINT WARNING * * *
The harpy barely misses you.
The wall freezes the harpy.
The harpy closely misses you. The harpy completely misses you.
The wall freezes the four-headed hydra.
The four-headed hydra seems to slow down.
The four-headed hydra misses you.
The four-headed hydra barely misses you. x2
The four-headed hydra bites you!
* * * LOW HITPOINT WARNING * * *
The wall freezes the harpy.
The harpy claws you!
You die...

#....#####.....#
##P...## #....##
#...P.# ##...#
##....# ##...##
#P...# #....#
#...## ##...##
##..## ##P..##
#.....# #....#
#.....# #....P#
##..## #....Y##
##...P# #....#
##.....# #.....#
##..## #H@..##
#....## ##..##
##D..# ##...P#
#....# #...##
#P....# ##...#
##...# #......
#....# ##...#
#....P# ##..##
##....# ##...##
#...P###....P#
#.....#
#...###.#...##
##.....
##...###....#
#.....#


You could see a four-headed hydra (slow), a harpy and a friendly ice beast
(summoned).

Vanquished Creatures
  2 hydras
  3 two-headed ogres
  A manticore (Lair:6)
  7 elephants
  6 black mambas
  10 spiny frogs
  7 komodo dragons
  Prince Ribbit (D:9)
  A hornet (D:10)
  A troll (D:10)
  9 blink frogs
  4 hippogriffs
  Sigmund (D:4)
  7 wyverns
  38 yaks
  Eustachio (D:4)
  A basilisk (Lair:3)
  Menkaure (D:6)
  3 wargs (D:8)
  2 nagas (Lair:2)
  12 water moccasins
  9 porcupines
  2 sky beasts (D:8)
  A black bear (D:11)
  An eye of draining (D:10)
  3 phantoms
  2 ogres
  10 wolves
  4 centaurs
  A big kobold (D:10)
  8 crocodiles
  13 bullfrogs
  Dowan (D:4)
  4 scorpions
  16 killer bees
  A howler monkey (D:10)
  2 electric eels
  2 centaur zombies
  4 crimson imps
  A quasit (D:10)
  7 orc priests
  2 hounds (D:6)
  3 jellies
  10 orc wizards
  2 bullfrog skeletons
  3 iguanas
  Natasha (thrice) (D:3)
  5 hell rats (Lair:1)
  2 worker ants (D:4)
  A hound zombie (D:5)
  A hound skeleton (D:6)
  Robin (D:3)
  A worker ant zombie (D:8)
  6 gnolls
  A howler monkey skeleton (D:9)
  7 river rats
  13 adders
  3 shadow imps
  12 white imps (Lair:4)
  An ooze (D:5)
  2 adder skeletons
  4 worms
  A dart slug (D:3)
  7 leopard geckos
  30 orcs
  5 giant cockroaches
  2 gnoll zombies (D:2)
  13 goblins
  10 hobgoblins
  5 quokkas
  2 ball pythons
  9 bats
  3 frilled lizards
  14 kobolds
  A leopard gecko skeleton (D:4)
  A quokka skeleton (D:6)
  12 rats
408 creatures vanquished.

Vanquished Creatures (collateral kills)
  A rime drake (Lair:6)
  A komodo dragon (Lair:3)
  Duvessa (D:4)
  2 killer bees (D:9)
  2 orc priests
  A ball python skeleton (D:4)
8 creatures vanquished.

Vanquished Creatures (others)
  12 fungi
  8 plants
20 creatures vanquished.

Grand Total: 436 creatures vanquished

Notes
Turn   | Place    | Note
-------+----------+-------------------------------------------
     0 | D:1      | tilp the Tengu Ice Elementalist began the quest for the
                  | Orb.
     0 | D:1      | Reached XP level 1. HP: 10/10 MP: 4/4
   223 | D:1      | Reached skill level 4 in Ice Magic
   223 | D:1      | Reached XP level 2. HP: 15/15 MP: 6/6
  1023 | D:2      | Reached XP level 3. HP: 13/19 MP: 1/7
  1034 | D:2      | Learned a level 3 spell: Frozen Ramparts
  1735 | D:2      | Reached skill level 5 in Ice Magic
  1735 | D:2      | Reached XP level 4. HP: 24/24 MP: 5/8
  1740 | D:2      | Learned a level 3 spell: Ozocubu's Armour
  1910 | D:2      | Found a white marble altar of Elyvilon.
  2517 | D:2      | Found a basalt altar of Yredelemnul.
  2654 | D:3      | Noticed Robin
  3206 | D:3      | Noticed Natasha
  3212 | D:3      | Killed Natasha
  3212 | D:3      | Gained mutation: You can fly continuously. [Tengu growth]
  3212 | D:3      | Reached XP level 5. HP: 20/28 MP: 5/9
  3239 | D:3      | Noticed Natasha
  3550 | D:3      | Killed Natasha
  3550 | D:3      | Reached skill level 6 in Ice Magic
  3792 | D:3      | Killed Robin
  4044 | D:3      | Noticed Natasha
  4049 | D:3      | Killed Natasha
  4049 | D:3      | Reached XP level 6. HP: 32/32 MP: 5/11
  4116 | D:3      | Learned a level 4 spell: Summon Ice Beast
  4173 | D:4      | Noticed Dowan
  4396 | D:4      | Noticed Sigmund
  4653 | D:4      | Reached skill level 1 in Fighting
  4704 | D:4      | Noticed Eustachio
  4870 | D:4      | Noticed a phantom
  5105 | D:4      | Reached XP level 7. HP: 32/38 MP: 9/14
  5490 | D:5      | Entered Level 5 of the Dungeon
  5506 | D:5      | Found a shattered altar of Ashenzari.
  5949 | D:5      | Reached skill level 7 in Ice Magic
  6012 | D:5      | Reached XP level 8. HP: 44/44 MP: 13/15
  6258 | D:5      | Became a worshipper of Ashenzari the Shackled
  6542 | D:6      | Noticed Menkaure
  6549 | D:6      | Killed Menkaure
  6549 | D:6      | Reached skill level 8 in Ice Magic
  6586 | D:6      | Identified the ring "Itostrad" {+Inv Int-4 SInv Stlth-}
  6906 | D:6      | Found a transporter.
  6918 | D:6      | Reached skill level 5 in Dodging
  7144 | D:6      | Found a transporter.
  7144 | D:6      | Noticed LaGuigne83's ghost (novice HaWr)
  7153 | D:6      | Noticed a wraith
  7658 | D:7      | Found an ornate altar of the Wu Jian Council.
  7658 | D:7      | Found a sparkling altar of Nemelex Xobeh.
  7659 | D:7      | Found an iron altar of Okawaru.
  7857 | D:7      | Found a staircase to the Ecumenical Temple.
  8559 | D:8      | Reached skill level 1 in Evocations
  8559 | D:8      | Reached XP level 9. HP: 46/52 MP: 10/16
  8608 | D:8      | Noticed Maggie
  8816 | D:8      | Reached * piety under Ashenzari
  9058 | D:8      | Reached skill level 5 in Spellcasting
  9260 | D:8      | Found a staircase to the Lair.
  9346 | D:8      | Learned a level 4 spell: Hailstorm
  9349 | D:8      | Learned a level 2 spell: Ensorcelled Hibernation
  9823 | D:9      | Noticed Harold
  9849 | D:9      | Noticed Prince Ribbit
  9889 | D:9      | Found a burning altar of Makhleb.
  9891 | D:9      | Found a glowing silver altar of Zin.
  9891 | D:9      | Noticed an angel
  9892 | D:9      | Noticed a green death
 10393 | D:9      | Killed Prince Ribbit
 10398 | D:9      | Reached XP level 10. HP: 47/56 MP: 4/20
 10549 | D:9      | Found a transporter.
 10555 | D:9      | Found a roughly hewn altar of Beogh.
 10555 | D:9      | Found a transporter.
 10576 | D:9      | Reached skill level 9 in Ice Magic
 10917 | D:9      | Noticed a two-headed ogre
 11300 | D:4      | Killed Eustachio
 11438 | D:4      | Killed Sigmund
 11501 | D:4      | Noticed Duvessa
 11517 | D:4      | Killed Duvessa
 11524 | D:4      | Killed Dowan
 11672 | D:10     | Entered Level 10 of the Dungeon
 12099 | D:10     | Reached skill level 10 in Ice Magic
 12764 | D:10     | Reached skill level 11 in Ice Magic
 13393 | D:10     | Found Kegidd's Gadget Shoppe.
 13461 | D:10     | Noticed a two-headed ogre
 13464 | D:10     | Killed a two-headed ogre
 13464 | D:10     | Reached XP level 11. HP: 61/61 MP: 21/21
 13688 | D:11     | Noticed a death knight
 13688 | D:11     | Noticed a phantasmal warrior
 13786 | D:11     | Reached skill level 12 in Ice Magic
 13825 | D:11     | Reached ** piety under Ashenzari
 13904 | D:11     | Found a staircase to the Orcish Mines.
 14253 | D:11     | Noticed a two-headed ogre
 14314 | D:11     | Killed a two-headed ogre
 14445 | D:11     | Noticed a two-headed ogre
 14450 | D:11     | Killed a two-headed ogre
 14701 | D:11     | Found a roughly hewn altar of Beogh.
 14931 | D:11     | Noticed a skeletal warrior
 15024 | D:10     | Reached skill level 13 in Ice Magic
 15136 | Lair:1   | Entered Level 1 of the Lair of Beasts
 15569 | Lair:1   | Reached skill level 5 in Evocations
 15862 | Lair:1   | Noticed a seven-headed hydra
 15895 | Lair:1   | Killed a seven-headed hydra
 16321 | Lair:1   | Found a runed translucent gate.
 16322 | Lair:1   | Found a runed translucent gate.
 16554 | Lair:1   | Found a runed translucent gate.
 16558 | Lair:1   | Noticed HungrySpirit's ghost (journeyman GnAs)
 17151 | Lair:2   | Found a staircase to the Snake Pit.
 17165 | Lair:2   | Reached XP level 12. HP: 66/66 MP: 21/24
 17201 | Lair:2   | Noticed a four-headed hydra
 17297 | Lair:2   | Killed a four-headed hydra
 17573 | Lair:2   | Reached skill level 5 in Fighting
 19565 | Lair:3   | Noticed Gastronok
 21774 | Lair:4   | Reached *** piety under Ashenzari
 21991 | Lair:4   | Reached skill level 1 in Conjurations
 21991 | Lair:4   | Reached skill level 1 in Summonings
 21991 | Lair:4   | Reached XP level 13. HP: 35/78 MP: 17/26
 24137 | Lair:4   | Noticed Rupert
 25053 | Lair:5   | Reached skill level 5 in Stealth
 25256 | Lair:5   | Found a viscous altar of Jiyva.
 25257 | Lair:5   | Found a staircase to the Slime Pits.
 25451 | Lair:5   | Got the trident "Diplor" {vorpal, MR+}
 25452 | Lair:5   | Identified the +10 trident "Diplor" {vorpal, MR+} (You
                  | found it on level 5 of the Lair of Beasts)
 26018 | Lair:6   | Entered Level 6 of the Lair of Beasts
 27315 | Lair:5   | HP: 3/80 [four-headed hydra (11)]
 27315 | Lair:5   | Slain by a harpy

Illustrated notes

Levels and vault maps discovered:
D:1:      heliophobic_arrival_battle_scene, layout_basic, due_unseen_surprise
D:2:      layout_loops_cross, lemuel_zombie_altar_yredelemnul,
          lemuel_doored_altar, serial_forest, infiniplex_forest_lined_corner,
          infiniplex_forest_fountain, infiniplex_forest_clump_long,
          infiniplex_forest_clump_diagonal, infiniplex_forest_end_3,
          infiniplex_forest_straight_2, infiniplex_forest_clump_medium,
          infiniplex_forest_straight_2, first_ration
D:3:      layout_loops_ring, chequers_serial_rivers_large_a,
          serial_bayou_ford_a, moated_statue, kennysheep_generic_room_11,
          uniq_robin, uniq_natasha
D:4:      layout_rooms, corexii_item_surrounded_by_moat, uniq_sigmund,
          uniq_duvessa, uniq_eustachio
D:5:      layout_basic, ashenzari_altar_1, hangedman_abyss_or_decor_lesser_grid
D:6:      layout_basic, gammafunk_ghost_mausoleum, uniq_menkaure
D:7:      layout_loops_corners, gammafunk_temple_overflow_forgotten,
          minmay_temple_entry_trees
D:8:      layout_loops_cross, erik_lair_orcish_takeover, uniq_maggie
D:9:      gammafunk_beogh_shrine, layout_irregular_city,
          grunt_temple_overflow_order_and_chaos_2, uniq_harold,
          uniq_prince_ribbit1
D:10:     layout_irregular_city, serial_shops, nicolae_shop_trees
D:11:     layout_roguey, minmay_orc_entry_temple_small
Lair:1:   layout_gridlike, ebering_ghost_rock_garden, kennysheep_abandoned_house
Lair:2:   layout_small_grid, nicolae_swamp_entry_splash_gauntlet,
          guppyfry_snake_entry_garden, chequers_serial_rivers_large_b,
          lemuel_fruit_tree
Lair:3:   regret_index_harrowing_hell_hive, layout_regular_city,
          infiniplex_staircase_pool, grunt_megastairs_1, uniq_gastronok
Lair:4:   layout_gridlike, portal_ice_cave_entry_imps,
          cheibrodos_lair_reptile_den, uniq_rupert
Lair:5:   layout_long_grid, slime_altar_1
Lair:6:   gammafunk_lair_ancient_temple, layout_regular_city

Skill      XL: |  1  2  3  4  5  6  7  8  9 10 11 12 13 |
---------------+----------------------------------------+-----
Ice Magic      | 4 5 6 7 8 11 13 | 13.1
Spellcasting   | 3 4 6 7 8 |  8.0
Fighting       | 1 2 4 8 9 |  9.1
Dodging        | 3 4 6 8 9 |  9.3
Evocations     | 1 4 6 8 |  8.0
Stealth        | 4 6 |  6.0
Conjurations   | 1 4 |  4.0
Summonings     | 1 4 |  4.0

Action                   |  1- 3 |  4- 6 |  7- 9 | 10-12 | 13-15 || total
-------------------------+-------+-------+-------+-------+-------++-------
Melee: Dagger            |    44 |    60 |    13 |       |       ||   117
       Kick              |     4 |    16 |    31 |    54 |    32 ||   137
       Peck              |     4 |     6 |    23 |    30 |    23 ||    86
       Flail             |       |       |   116 |   220 |    65 ||   401
       Trident           |       |       |       |       |    57 ||    57
Throw: Javelin           |       |    15 |     7 |     7 |     6 ||    35
 Cast: Freeze            |    33 |    72 |    80 |   141 |    75 ||   401
       Frozen Ramparts   |       |     6 |    24 |    72 |    36 ||   138
       Summon Ice Beast  |       |       |     3 |    14 |     2 ||    19
       Hailstorm         |       |       |       |     9 |     1 ||    10
       Ensorcelled Hiber |       |       |       |     2 |       ||     2
       Ozocubu's Armour  |       |       |       |     1 |       ||     1
Invok: Scrying           |       |       |       |     2 |       ||     2
       Curse Item        |       |       |       |       |     1 ||     1
 Abil: Fly               |       |       |     1 |     1 |       ||     2
       Stop Flying       |       |       |       |     1 |       ||     1
Evoke: Tin of tremorston |       |       |       |     4 |       ||     4
       Wand              |       |       |       |     8 |       ||     8
  Use: Scroll            |       |     5 |     7 |     9 |     5 ||    26
       Potion            |       |       |     3 |       |     1 ||     4
 Stab: Sleeping          |     4 |     6 |     6 |     3 |     3 ||    22
       Distracted        |       |       |       |     1 |     1 ||     2
  Eat: Chunk             |     3 |    12 |    15 |    28 |    10 ||    68
       Ration            |       |       |     1 |     3 |     2 ||     6
Armor: Robe              |     6 |    23 |    30 |    49 |    15 ||   123
       Leather armour    |       |       |       |       |     7 ||     7
Dodge: Dodged            |    33 |    80 |   180 |   307 |   240 ||   840
